 Dungeon Crawl Stone Soup version 0.16-a0-3329-g1e0feaa (webtiles) character file.

783 Minkie the Basher (level 7, -10/67 HPs)
             Began as an Ogre Hunter on Dec 27, 2014.
             Mangled by Minkie's ghost (19 damage)
             ... on level 5 of the Dungeon.
             The game lasted 00:20:59 (6322 turns).

Minkie the Basher (Ogre Hunter)                     Turns: 6322, Time: 00:20:59

Health: -10/67     AC:  3    Str: 18    XL:     7   Next: 86%
Magic:  7/7        EV: 10    Int: 10    God:
Gold:   170        SH:  0    Dex: 12    Spells: 0 memorised, 6 levels left

rFire  . . .     SeeInvis .     r - +0 giant club
rCold  . . .     Clarity  .     d - +0 animal skin
rNeg   . . .     SustAb   .     (shield restricted)
rPois  .         Gourm    .     (helmet restricted)
rElec  .         Spirit   .     (no cloak)
rCorr  .         Warding  .     (gloves unavailable)
rMut   .         Stasis   .     (boots unavailable)
MR     .....                    q - amulet of regeneration
Stlth  +.........               (no ring)
                                (no ring)

@: not resistant to hostile enchantments, very unstealthy
A: unfitting armour, tough skin 1
a: no special abilities


You were on level 5 of the Dungeon.
You were hungry.

You visited 1 branch of the dungeon, and saw 5 of its levels.

You collected 170 gold pieces.

Inventory:

Hand weapons
 e - a +0 whip
 r - a +0 giant club (weapon)
Missiles
 b - 5 large rocks (quivered)
 c - a throwing net
Armour
 d - a +0 animal skin (worn)
Jewellery
 q - an amulet of regeneration (around neck)
 t - an uncursed ring of magical power {unknown}
Magical devices
 i - a wand of cold (8)
 l - a wand of frost (25)
Scrolls
 g - a scroll of blinking
 h - 2 scrolls of fog {unknown}
 k - a scroll of random uselessness {unknown}
 m - 2 scrolls of enchant armour {unknown}
 n - a scroll of identify {unknown}
 o - a scroll of remove curse {unknown}
 p - a scroll of teleportation {unknown}
 v - a scroll of magic mapping {unknown}
Potions
 s - a potion of curing {unknown}
 u - a potion of degeneration {unknown}
Comestibles
 a - 5 bread rations
 f - 3 meat rations


   Skills:
 - Level 3.4 Fighting
 + Level 10.6 Maces & Flails
 - Level 4.3 Throwing
 - Level 1.7 Dodging
 - Level 0.7 Stealth


You had 6 spell levels left.
You didn't know any spells.

Dungeon Overview and Level Annotations

Branches:
Dungeon (5/15)
 Temple: D:4-7

Altars:
Dithmenos
Kikubaaqudgha
Vehumet
Xom

Shops:
D:5 (

Annotations:
D:5 Minkie's ghost, experienced TrMo


Innate Abilities, Weirdness & Mutations

You are too large for most types of armour.
You have tough skin (AC +1).


Message History

The adder bites you but does no damage. x2
You bludgeon the adder!!
You kill the adder!
You start resting.
HP restored.
There is a stone staircase leading down here.
You climb downwards.
Level annotation: Minkie's ghost, experienced TrMo Minkie's ghost hits you!
There is a stone staircase leading up, spattered with blood here.
You barely miss Minkie's ghost. Minkie's ghost misses you.
You sock Minkie's ghost!
Minkie's ghost is lightly damaged.
Minkie's ghost hits you!! Minkie's ghost hits you.
You completely miss Minkie's ghost.
Minkie's ghost is lightly damaged.
Minkie's ghost hits you!!
* * * LOW HITPOINT WARNING * * *
Minkie's ghost hits you!!
You die...

...#......#......#......#
...#......#......#......#
g#######..#......#......#
'#♣♣♣♣♣#..#......#......#
.#♣8.8♣#..#......'....$######.
.'..∩..'..#......#.....#.......
.#♣8.8♣#..'......#####'#.......#
.#♣♣♣♣♣#..#......#.....#.......#
.#######..#....)@#.....#.......#
..........#....W.#.....'.......#
..........#......#.....#.......#
..........+......#.....#.......#
..........#......+.....#.......#
.####.....#......#.....#.......#
.####.....#......#.....#.....?.#
..#.......#......'.....#.......#
..#.......'......#.....#.......#


You could see Minkie's ghost.

Vanquished Creatures
  An ice beast (D:5)
  An ogre (D:4)
  A phantom (D:4)
  A scorpion (D:4)
  A vampire bat (D:2)
  A hound (D:5)
  A crimson imp (D:5)
  A giant frog skeleton (D:5)
  2 iguanas (D:4)
  2 orc wizards (D:4)
  A hound skeleton (D:4)
  Robin (D:2)
  5 gnolls
  4 adders
  A shadow imp (D:5)
  A worm (D:2)
  4 giant geckos
  An ooze (D:1)
  5 orcs
  6 bats
  A bat skeleton (D:2)
  3 bat zombies (D:2)
  3 giant cockroaches
  16 hobgoblins
  18 jackals
  3 quokkas
  A ball python (D:4)
  2 giant newts (D:1)
  22 goblins
  A jackal skeleton (D:4)
  5 kobolds
  11 rats
127 creatures vanquished.

Notes
Turn   | Place    | Note
--------------------------------------------------------------
     0 | D:1      | Minkie, the Ogre Hunter, began the quest for the Orb.
     0 | D:1      | Reached XP level 1. HP: 22/22 MP: 1/1
   577 | D:1      | Found a shimmering altar of Xom.
   643 | D:1      | Reached XP level 2. HP: 31/31 MP: 2/2
   652 | D:1      | Reached skill level 1 in Maces & Flails
  1572 | D:2      | Reached XP level 3. HP: 27/37 MP: 3/3
  1984 | D:2      | Noticed Robin
  2005 | D:2      | Killed Robin
  2009 | D:2      | Reached XP level 4. HP: 14/45 MP: 4/4
  2763 | D:2      | Reached skill level 5 in Maces & Flails
  3314 | D:2      | Found an ancient bone altar of Kikubaaqudgha.
  3314 | D:2      | Noticed a vampire bat
  3317 | D:2      | Killed a vampire bat
  3317 | D:2      | Reached XP level 5. HP: 49/53 MP: 5/5
  3488 | D:3      | Reached skill level 6 in Maces & Flails
  3659 | D:3      | Found a radiant altar of Vehumet.
  4125 | D:3      | Found a shadowy altar of Dithmenos.
  4401 | D:4      | Reached skill level 7 in Maces & Flails
  4401 | D:4      | Reached XP level 6. HP: 59/61 MP: 6/6
  4442 | D:4      | HP: 3/61 [something/magic dart (3)]
  5189 | D:4      | Reached skill level 8 in Maces & Flails
  5343 | D:4      | Noticed an ogre
  5349 | D:4      | Killed an ogre
  5349 | D:4      | Reached skill level 9 in Maces & Flails
  5349 | D:4      | Reached XP level 7. HP: 67/67 MP: 7/7
  5800 | D:5      | Entered Level 5 of the Dungeon
  6035 | D:5      | Reached skill level 10 in Maces & Flails
  6163 | D:5      | Found Aczae's Antique Weapon Boutique.
  6183 | D:5      | Noticed Minkie's ghost (experienced TrMo)
  6322 | D:5      | Mangled by Minkie's ghost

Action                   |  1- 3 |  4- 6 |  7- 9 || total
-------------------------+-------+-------+-------++-------
Melee: Short sword       |    33 |       |       ||    33
       Whip              |   165 |   325 |       ||   490
       Giant club        |       |       |    80 ||    80
Throw: Large rock        |     5 |    31 |       ||    36
       Throwing net      |       |     2 |       ||     2
  Use: Potion            |       |     2 |       ||     2
       Scroll            |       |     1 |       ||     1
  Eat: Chunk             |     4 |    11 |     3 ||    18
